AoeStats
← | ArCas | Toruk Makto

Nomad

505155538Analyzed
4v4 RM · 24d ago on Sep 8, 2026· 34m 20s· 8 players
Game mode
Random Map
Map size
231×231
Population
200
Speed
Normal
Resources
Standard
Victory
Conquest
Starting age
Dark Age
Ending age
Imperial Age
RankedLock teamsTeams togetherTeam positionsShared explorationLock speedFull tech treeHidden civsTurbo modeCheats
Victory
Defeat
🇦🇷 Spanish · Argentina
1323
+13
🇦🇷 Khmer · Argentina
1306
+14
🇲🇽 Persians · Mexico
1302
+14
🇦🇷 Japanese · Argentina
1289
+14
🇲🇽 Koreans · Mexico
1308
-15
🇩🇪 Britons · Germany
1251
-14
🇺🇸 Vietnamese · United States
1233
-13
🇬🇧 Slavs · United Kingdom
1232
-13
46631201
4:43 Loom
13:33 Feudal Age
15:14 Wheelbarrow
18:06 Castle Age
17:38 Double-Bit Axe
18:09 Fishing Lines
19:17 Bow Saw
19:56 Town Watch
22:31 Fletching
27:14 Padded Archer Armor
28:04 Bodkin Arrow
32:50 Leather Archer Armor
.|.
10:03 Loom
13:13 Feudal Age
17:14 Castle Age
17:36 Town Watch
18:27 Wheelbarrow
19:11 Fletching
19:11 Double-Bit Axe
31:59 Gold Mining
GoOverlay.com | AwE
6:31 Loom
14:20 Feudal Age
15:05 Town Watch
15:46 Fishing Lines
20:45 Castle Age
18:37 Fletching
20:43 Gold Mining
21:20 Crossbowman
22:58 Padded Archer Armor
32:25 Bodkin Arrow
32:47 Leather Archer Armor
Chianti | AwE
3:09 Loom
12:53 Feudal Age
13:28 Double-Bit Axe
13:49 Horse Collar
18:52 Wheelbarrow
20:22 Forging
20:17 Scale Barding Armor
22:16 Scale Mail Armor
:) YO30830
6:11 Loom
13:00 Feudal Age
16:38 Fishing Lines
17:23 Double-Bit Axe
20:34 Forging
22:32 Castle Age
23:55 Bow Saw
24:06 Medium Warships
24:04 Gold Mining
26:46 Iron Casting
26:16 Scale Barding Armor
27:53 Bloodlines
| ArCas | Toruk Makto
13:15 Feudal Age
16:15 Castle Age
14:48 Loom
15:58 Forging
15:54 Scale Barding Armor
21:27 Bloodlines
23:52 Iron Casting
23:20 Horse Collar
25:16 Town Watch
26:09 Husbandry
27:36 Wheelbarrow
27:49 Heavy Plow
28:38 Double-Bit Axe
29:17 Chain Barding Armor
30:39 Gold Mining
31:04 Fletching
33:53 Stone Mining
34:06 Murder Holes
34:21 Masonry
34:34 Ballistics
M-A
3:42 Loom
13:53 Feudal Age
15:03 Double-Bit Axe
15:07 Fishing Lines
16:29 Stone Mining
19:44 Castle Age
23:41 Squires
KingCobraCar
11:50 Loom
15:06 Feudal Age
15:56 Double-Bit Axe
20:10 Castle Age
19:18 Forging
19:26 Scale Barding Armor
20:27 Bloodlines
26:10 Horse Collar
Connection lost

Rejoining the realm…

Still unreachable

The connection could not be restored.

Session expired

The server has moved on; the page needs a fresh start.